 Dungeon Crawl Stone Soup version 0.28.0-53-g5a82cb258f (webtiles) character file.

Game seed: 16655558787340177452

2937 Zeld the Fighter (level 9, -3/85 HPs)
             Began as a Minotaur Berserker on May 22, 2022.
             Was a Priest of Trog.
             Slain by a vampire
             ... wielding a +1 vampiric halberd
              (12 damage)
             ... in a bailey.
             The game lasted 00:05:04 (8466 turns).

Zeld the Fighter (Minotaur Berserker)               Turns: 8466, Time: 00:05:05

Health: -3/85      AC: 16    Str: 26    XL:     9   Next: 51%
Magic:  8/8        EV:  9    Int:  4    God:    Trog [***...]
Gold:   256        SH:  5    Dex: 10    Spells: 8/8 levels left

rFire   . . .      SeeInvis +   a - +0 hand axe
rCold   . . .      Faith    .   (no shield)
rNeg    . . .      Spirit   .   m - +1 plate armour {Will+}
rPois   .          Reflect  +   n - +2 hat
rElec   .          Harm     .   (no cloak)
rCorr   .          Rampage  .   (no gloves)
Will    +++..                   (no boots)
Stlth   ..........              j - amulet of reflection
HPRegen 1.24/turn               t - ring of see invisible
MPRegen 0.11/turn               (no ring)

@: strong-willed, on berserk cooldown, regenerating, slowed, very slow
A: horns 2, retaliatory headbutt
a: Renounce Religion, Berserk, Trog's Hand


You were in a bailey.
You worshipped Trog.
Trog was most pleased with you.
You visited 2 branches of the dungeon, and saw 8 of its levels.
You also visited: Bailey.

You collected 256 gold pieces.

Inventory:

Hand Weapons
 a - a +0 hand axe (weapon)
Armour
 m - a +1 plate armour of willpower (worn)
 n - a +2 hat (worn)
Jewellery
 j - an amulet of reflection (around neck)
 t - a ring of see invisible (left hand)
 w - a +4 ring of evasion
Scrolls
 c - 5 scrolls of identify {unknown}
 d - 2 scrolls of enchant weapon {unknown}
 e - a scroll of silence {unknown}
 f - 3 scrolls of blinking {unknown}
 h - a scroll of amnesia {unknown}
 l - a scroll of vulnerability {unknown}
 o - 2 scrolls of teleportation {unknown}
 r - a scroll of fog {unknown}
 s - 5 scrolls of fear {unknown}
 u - 2 scrolls of torment {unknown}
 x - a scroll of immolation {unknown}
 y - a scroll of holy word {unknown}
Potions
 b - 2 potions of might {unknown}
 g - 2 potions of attraction {unknown}
 i - 3 potions of lignification {unknown}
 k - a potion of experience {unknown}
 p - a potion of berserk rage {unknown}
 q - 2 potions of heal wounds {unknown}
 v - a potion of curing {unknown}


   Skills:
 * Level 9.9 Fighting
 * Level 9.9 Axes
 + Level 6.8 Armour
 + Level 6.3 Dodging


You had 8 spell levels left.
You didn't know any spells.
Your spell library was empty.

Dungeon Overview and Level Annotations

Branches:
Dungeon (7/15)             Temple (1/1) D:5          Bailey (1/1)

Altars:
Cheibriados
Dithmenos
Elyvilon
Fedhas
Gozag
Hepliaklqana
Kikubaaqudgha
Nemelex Xobeh
Qazlal
Sif Muna
Trog
Uskayaw
Vehumet
Xom
Yredelemnul
Zin
The Shining One


Innate Abilities, Weirdness & Mutations

You have a pair of horns on your head.
You reflexively headbutt those who attack you in melee.


Message History

The vampire closely misses you.
You hit the vampire.
The vampire is heavily damaged.
The vampire hits you from afar with a +1 vampiric halberd.
The vampire draws strength from your wounds!
You hit the vampire but do no damage.
The vampire is heavily damaged.
You are no longer berserk.
You are exhausted.
You feel yourself slow down.
The vampire hits you with a +2 vampiric halberd.
The vampire draws strength from your wounds!
The vampire bites you.
The vampire draws strength from your injuries!
The vampire hits you but does no damage.
You completely miss the vampire. Your headbutt misses the vampire.
The vampire is moderately damaged.
You feel the effects of Trog's Hand fading.
The vampire hits you with a +2 vampiric halberd!
The vampire bites you.
The vampire draws strength from your injuries!
You block the vampire's attack.
Okay, then.
Okay, then.
Your skin crawls.
You feel strong-willed.
The vampire hits you with a +2 vampiric halberd!
* * * LOW HITPOINT WARNING * * *
The vampire draws strength from your wounds!
The vampire bites you.
* * * LOW HITPOINT WARNING * * *
The vampire draws strength from your injuries!
The vampire hits you from afar with a +1 vampiric halberd!
* * * LOW HITPOINT WARNING * * *
The vampire draws strength from your wounds!
You block the vampire's attack.
The vampire bites you but does no damage.
You block the vampire's attack. x2
The vampire hits you from afar with a +1 vampiric halberd!
You die...

## !## #. ..# #.. ..#
#..# #..##########
#..V##V..#8......8#
#......##.......8#
##..@.##...#######
###''##...##....8#
#.........#......#+##
#8.........).....#...
#########..).#...#...
##..##...'...
.####....'...
..#...####... ♣♣.
.....#..#...


You could see 2 vampires.

Vanquished Creatures
  3 water moccasins
  An orc warrior (D:6)
  2 ice beasts
  3 black bears (D:4)
  A sky beast (D:6)
  A hornet zombie (D:3)
  2 necrophages
  3 ogres (D:5)
  A centaur (D:5)
  A phantom (D:5)
  A bullfrog (D:6)
  2 scorpions (D:6)
  A water moccasin zombie (D:6)
  A water moccasin skeleton (D:5)
  8 vampire bats (Bailey)
  A centaur zombie (D:5)
  6 hounds
  A bullfrog zombie (D:6)
  A bullfrog skeleton (D:6)
  2 orc priests
  2 iguanas (D:5)
  A scorpion zombie (D:5)
  2 orc wizards
  8 adders
  4 gnolls (D:3)
  2 ufetubi (D:6)
  2 worms
  2 dart slugs
  19 orcs
  4 ball pythons
  6 endoplasms
  3 giant cockroaches
  5 goblins
  7 hobgoblins
  8 jackals
  A quokka (D:4)
  4 bats
  3 frilled lizards
  7 kobolds
  14 orc zombies (Bailey)
  A quokka skeleton (D:4)
  3 rats
150 creatures vanquished.

Vanquished Creatures (others)
  5 plants (D:1)
5 creatures vanquished.

Grand Total: 155 creatures vanquished

Notes
Turn   | Place    | Note
-------+----------+-------------------------------------------
     0 | D:1      | Zeld the Minotaur Berserker began the quest for the Orb.
     0 | D:1      | Reached XP level 1. HP: 19/19 MP: 0/0
   315 | D:1      | Reached XP level 2. HP: 21/27 MP: 1/1
   868 | D:1      | Found a faded altar of an unknown god.
  1275 | D:2      | Reached XP level 3. HP: 11/33 MP: 2/2
  1291 | D:2      | HP: 2/49 [jackal (3)]
  2581 | D:3      | Found a basalt altar of Yredelemnul.
  2583 | D:3      | Found a snail-covered altar of Cheibriados.
  2583 | D:3      | Found a snail-covered altar of Cheibriados.
  2586 | D:3      | Found a shimmering altar of Xom.
  2586 | D:3      | Found a glowing golden altar of the Shining One.
  2586 | D:3      | Found a hide-covered altar of Uskayaw.
  2637 | D:3      | Identified the +7 hunting sling "Zirieggi" {flame, Str+7}
  2992 | D:3      | Reached skill level 5 in Fighting
  2992 | D:3      | Reached skill level 5 in Axes
  2992 | D:3      | Reached XP level 4. HP: 11/42 MP: 3/3
  2992 | D:3      | Reached XP level 5. HP: 13/48 MP: 4/4
  3441 | D:3      | Reached ** piety under Trog
  3579 | D:3      | Found a hazy altar of Hepliaklqana.
  4006 | D:3      | Reached XP level 6. HP: 33/56 MP: 5/5
  4743 | D:4      | Found a bloodstained altar of Trog.
  4759 | D:4      | Reached XP level 7. HP: 38/64 MP: 6/6
  5509 | D:5      | Entered Level 5 of the Dungeon
  5509 | D:5      | Found a sparkling altar of Nemelex Xobeh.
  6042 | D:5      | Reached skill level 5 in Armour
  6134 | D:5      | Found a staircase to the Ecumenical Temple.
  6139 | D:5      | Reached XP level 8. HP: 39/73 MP: 7/7
  6171 | D:5      | Reached skill level 5 in Dodging
  6179 | Temple   | Entered the Ecumenical Temple
  7474 | D:6      | Reached XP level 9. HP: 58/82 MP: 8/8
  8098 | D:7      | Found a flagged portal.
  8145 | Bailey   | Entered a bailey
  8182 | Bailey   | Reached *** piety under Trog
  8466 | Bailey   | Slain by a vampire

Illustrated notes

Levels and vault maps discovered:
D:1:      tarquinn_simple_flora_water_a, layout_loops_corners,
          dreamdust_ecumenical_altar_statues, chequers_big_river
D:2:      layout_loops_ring
D:3:      layout_basic, doesnt_xom_only_xom, mainiacjoe_overflow_alcove_1,
          minmay_misc_feat_tower
D:4:      layout_loops_ring, trog_ov_bears_minmay, feat_on_display
D:5:      layout_basic, amcnicky_altar_gilded, temple_fountains, moated_statue,
          grunt_ministairs_14, minmay_misc_feat_cross, hex_medium,
          kennysheep_nub
D:6:      layout_basic, kennysheep_generic_room_5
D:7:      layout_loops_ring, okawaru_altar_gauntlet_db,
          nicolae_ashenzari_panopticon, enter_bailey_4,
          chequers_serial_rivers_room_a, chequers_serial_rivers_micro_c,
          minmay_fractal_squares_gapless_5
Temple:   cyrus_circular_temple
Bailey:   bailey_polearm_vampire_castle_hellmonk, bailey

Skill      XL: |  1  2  3  4  5  6  7  8  9 |
---------------+----------------------------+-----
Axes           | 4 5 6 7 8 9 |  9.9
Fighting       | 4 5 6 7 8 9 |  9.9
Armour         | 3 4 5 6 |  6.8
Dodging        | 3 4 5 6 |  6.3

Action                   |  1- 3 |  4- 6 |  7- 9 || total
-------------------------+-------+-------+-------++-------
Melee: Hand axe          |    91 |   104 |   264 ||   459
       Headbutt          |    15 |    14 |    60 ||    89
       Punch             |       |       |     3 ||     3
Invok: Berserk           |     3 |     3 |     6 ||    12
       Trog's Hand       |       |       |     4 ||     4
Armor: Animal skin       |    20 |    23 |    13 ||    56
       Plate armour      |       |       |   100 ||   100
Dodge: Dodged            |    67 |    79 |   125 ||   271
Block: Other             |     7 |    26 |    69 ||   102
